cohdb
Replays
Latest Replays
All Replays
Popular Replays
Top Player Replays
Match Explorer
How It Works
Community
CoH3 Stats
Reddit
Sign in to upload your games and track your stats! →
Sign in with Steam
Match 42954967
Unlisted
Match 42954967
Overview
Messages
Build Orders
End
Panzergrenadier Squad
Panzergrenadier Squad
Selects Italian Infantry
250 Light Carrier
Construct Light Support Kompanie
Panzerjäger Squad
Selects Guastatori Squad
Selects L6/40 Light Tank Combat Group
L6/40 Light Tank Combat Group
Panzerjäger Mechanized Group
Combat Half-tracks
Guastatori Squad
Fire Support Elements
Construct Panzerarmee Kommand
Selects Towed Cannone da 105/28 Field Howitzer
Armored Reserves
Panzer IV Assault Group
Walking Stuka Rocket Launcher
Selects Sound the Alarm
Selects Prepared Positions
Selects Obice 305mm Barrage
AI Takeover
Birbinator
EGIPOP
Guru
Karl Müller
0
0
Comments
sign in to comment!
No comments posted yet!